 Dungeon Crawl Stone Soup version 0.26-a0-37-g50178cf (webtiles) character file.

Game seed: 2309997347951573676, levelgen mode: deterministic

405 Blackhawk the Skirmisher (level 6, 53/56 HPs)
             Began as a Minotaur Berserker on May 30, 2020.
             Was a Priest of Trog.
             Quit the game on level 3 of the Dungeon.
             The game lasted 00:04:50 (3956 turns).

Blackhawk the Skirmisher (Minotaur Berserker)       Turns: 3956, Time: 00:04:51

Health: 53/56      AC:  3    Str: 26    XL:     6   Next: 56%
Magic:  5/5        EV: 13    Int:  0    God:    Trog [***...]
Gold:   171        SH:  5    Dex:  9    Spells: 5/5 levels left

rFire    . . .     SeeInvis .   u - +0 hand axe (venom)
rCold    . . .     Gourm    .   (no shield)
rNeg     . . .     Faith    .   b - +1 animal skin
rPois    .         Spirit   .   (helmet restricted)
rElec    .         Reflect  +   (no cloak)
rCorr    .         Harm     .   (no gloves)
MR       .....                  (no boots)
Stlth    +.........             k - amulet of reflection
HPRegen  0.18/turn              g - -4 ring of strength (curse)
MPRegen  0.09/turn              i - ring "Zynlox" {Str+6 Int-4} (curse)

@: mighty, stab, slowed, lost intelligence, very slow
A: retaliatory headbutt, horns 2
a: Berserk, Trog's Hand, Renounce Religion


You were on level 3 of the Dungeon.
You worshipped Trog.
Trog was most pleased with you.
You were hungry.

You visited 1 branch of the dungeon, and saw 4 of its levels.

You collected 171 gold pieces.

Inventory:

Hand Weapons
 a - a +0 hand axe
 u - a +0 hand axe of venom (weapon)
Armour
 b - a +1 animal skin (worn)
Jewellery
 g - a cursed -4 ring of strength (left hand)
 i - the cursed ring "Zynlox" (right hand) {Str+6 Int-4}
   (You found it on level 4 of the Dungeon)

   [ring of intelligence]

   It affects your strength (+6).
   It affects your intelligence (-4).
   It has a curse placed upon it.
 k - an amulet of reflection (around neck)
Wands
 h - a wand of iceblast (11)
 j - a wand of paralysis (10)
Scrolls
 e - a scroll of noise {unknown}
 f - 2 scrolls of fog {unknown}
 l - 3 scrolls of remove curse {unknown}
 m - 3 scrolls of identify
 o - a scroll of amnesia {unknown}
 r - a scroll of random uselessness {unknown}
 s - a scroll of magic mapping {unknown}
Potions
 d - 5 potions of curing
Comestibles
 c - 9 rations


   Skills:
 + Level 5.4 Fighting
 + Level 5.4 Axes
 + Level 4.7 Armour
 + Level 4.2 Dodging


You had 5 spell levels left.
You didn't know any spells.
Your spell library was empty.

Dungeon Overview and Level Annotations

Branches:
Dungeon (4/15)
 Temple: D:4-7

Altars:


Innate Abilities, Weirdness & Mutations

You reflexively headbutt those who attack you in melee.
You have a pair of horns on your head.


Message History

You start resting.
You are no longer berserk.
You are exhausted.
You feel yourself slow down.
You start resting.
You are feeling hungry.
You start resting.
You recover from your berserk rage.
Okay, then.
You almost manage to decipher the scroll, but fail in this attempt.
You almost manage to decipher the scroll, but fail in this attempt.
You almost manage to decipher the scroll, but fail in this attempt.
It was a potion of stabbing.
You feel ready to backstab.
It was a potion of might.
You feel very mighty all of a sudden.
It was a potion of magic.
Magic courses through your body.
Are you sure you want to abandon this character and quit the game? (Confirm with "yes".)
Okay, then.
Are you sure you want to abandon this character and quit the game? (Confirm with "yes".)

.###.#.# #..# #..# #.########
.....#.# #.## #..#####.......#.
###....###.######................
.................................
.####...#..######..............##
.#####..........#.......#......#
...# ##..)[####.#.......#......#
.#.## #......##.........##..####
.#..####......#.@#.........## ###
.÷#..#....#)...[.#...#..##.# #.#
#......##.##.#.........###.####..
##........##.........### #...##..
...............#..##...#####.###.
..........))...#..##.#....##.# ##
.........#.#.........####..#.#
.........#.#...........###...###
.........#.#.#..........÷......##


There were no monsters in sight!

Vanquished Creatures
  An ogre (D:3)
  A howler monkey (D:2)
  2 orc priests
  Natasha (thrice) (D:2)
  5 adders
  An ooze (D:1)
  A worm (D:2)
  A dart slug (D:2)
  5 leopard geckos
  10 orcs
  5 giant cockroaches
  6 goblins
  8 hobgoblins
  11 jackals
  8 kobolds
  2 quokkas
  3 bats
  5 frilled lizards
  A quokka skeleton (D:4)
  7 rats
86 creatures vanquished.

Notes
Turn   | Place    | Note
-------+----------+-------------------------------------------
     0 | D:1      | Blackhawk the Minotaur Berserker began the quest for the
                  | Orb.
     0 | D:1      | Reached XP level 1. HP: 19/19 MP: 0/0
     3 | D:1      | Noticed an electric eel
     3 | D:1      | Noticed an electric eel
   141 | D:1      | Reached XP level 2. HP: 18/27 MP: 1/1
  1045 | D:2      | Reached XP level 3. HP: 13/33 MP: 2/2
  1604 | D:2      | Reached ** piety under Trog
  1604 | D:2      | Reached XP level 4. HP: 34/41 MP: 3/3
  2011 | D:2      | Noticed Natasha
  2018 | D:2      | Killed Natasha
  2121 | D:2      | Noticed Natasha
  2130 | D:2      | Killed Natasha
  2130 | D:2      | Reached XP level 5. HP: 23/47 MP: 4/4
  2315 | D:2      | Noticed Natasha
  2322 | D:2      | Killed Natasha
  2817 | D:3      | Reached skill level 5 in Fighting
  2964 | D:3      | Reached skill level 5 in Axes
  3002 | D:3      | HP: 1/48 [jackal (3)]
  3383 | D:3      | Reached *** piety under Trog
  3383 | D:3      | Reached XP level 6. HP: 54/56 MP: 5/5
  3887 | D:4      | Got a smoking turquoise ring
  3888 | D:4      | Lost intelligence.
  3888 | D:4      | Identified the cursed ring "Zynlox" {Str+6 Int-4} (You
                  | found it on level 4 of the Dungeon)
  3956 | D:3      | Quit the game

Illustrated notes

Levels and vault maps discovered:
D:1:      arrival_aquarium_b, layout_basic
D:2:      layout_basic, first_ration, minmay_statues_item, minmay_vboxes,
          uniq_natasha
D:3:      layout_rooms
D:4:      layout_rooms, lemuel_coloured_pillars_altar, minmay_temple_entry_fiery

Skill      XL: |  1  2  3  4  5  6 |
---------------+-------------------+-----
Fighting       | 4 5 |  5.4
Axes           | 4 5 |  5.4
Armour         | 3 4 |  4.7
Dodging        | 3 4 |  4.2

Action                   |  1- 3 |  4- 6 || total
-------------------------+-------+-------++-------
Melee: Hand axe          |    62 |   118 ||   180
       Headbutt          |    12 |    17 ||    29
Invok: Berserk           |       |     2 ||     2
  Use: Scroll            |     4 |       ||     4
       Potion            |       |     4 ||     4
  Eat: Chunk             |     2 |     9 ||    11
Armor: Animal skin       |    12 |    18 ||    30
Dodge: Dodged            |    52 |    88 ||   140
Block: Other             |       |    18 ||    18
       Reflection        |       |     1 ||     1

Table legend:
 A = Non-vault XP
 B = Vault XP
 C = Vault XP percentage of total XP
 D = Non-vault monster count
 E = Vault monster count
 F = Vault count percentage of total count
                 A         B        C        D         E       F
            +---------+---------+-------+---------+---------+-------
      Total |     484 |      95 |  16.4 |      77 |       9 |  10.5
            +---------+---------+-------+---------+---------+-------
        D:1 |      34 |       0 |   0.0 |      17 |       0 |   0.0
        D:2 |     164 |      95 |  36.7 |      28 |       9 |  24.3
        D:3 |     233 |       0 |   0.0 |      26 |       0 |   0.0
        D:4 |      53 |       0 |   0.0 |       6 |       0 |   0.0
            +---------+---------+-------+---------+---------+-------
